AoeStats
← 钓鱼佬

Arena

506112870Analyzed
4v4 RM · 20d ago on Sep 12, 2026· 42m 5s· 8 players
Game mode
Random Map
Map size
Large (8 player)
Population
200
Speed
Normal
Resources
Standard
Victory
Conquest
Starting age
Dark Age
Ending age
Imperial Age
RankedLock teamsTeams togetherTeam positionsShared explorationLock speedFull tech treeHidden civsTurbo modeCheats
Victory
Defeat
🇨🇳 Mapuche · China
1832
+10
🇨🇳 Spanish · China
1626
+19
🇨🇳 Hindustanis · China
1561
+21
1530
+23
🇨🇳 Inca · China
1795
-22
🇩🇿 Armenians · Algeria
1695
-19
🇻🇳 Franks · Vietnam
1649
-17
🇷🇺 Jurchens · Russia
1600
-15
hl.exe
8:49 Feudal Age
9:27 Loom
13:08 Castle Age
11:52 Double-Bit Axe
17:29 Fervor
18:58 Town Watch
Riveryyy
10:43 Feudal Age
14:27 Castle Age
12:41 Horse Collar
13:31 Double-Bit Axe
23:57 Bow Saw
25:19 Wheelbarrow
25:36 Loom
28:35 Imperial Age
26:17 Heavy Plow
26:51 Gold Mining
27:29 Scale Barding Armor
27:34 Forging
29:20 Bloodlines
29:10 Husbandry
29:33 Chain Barding Armor
29:48 Iron Casting
29:59 Conscription
30:02 Elite Iron Pagoda
31:31 Plate Barding Armor
32:50 Blast Furnace
31:59 Fortified Bastions
34:07 Masonry
34:14 Hand Cart
35:06 Architecture
34:57 Ballistics
34:34 Fletching
35:44 Stone Mining
36:03 Capped Ram
37:52 Bodkin Arrow
40:36 Gold Shaft Mining
ChangT
10:35 Feudal Age
14:31 Castle Age
12:56 Double-Bit Axe
15:35 Bow Saw
17:08 Wheelbarrow
18:31 Loom
20:43 Hand Cart
20:33 Pikeman
22:06 Scale Mail Armor
22:48 Squires
24:03 Chain Mail Armor
25:02 Forging
25:01 Arson
25:12 Arson
25:34 Gold Mining
25:35 Stone Mining
26:28 Iron Casting
29:08 Town Watch
33:32 Imperial Age
32:05 Scale Barding Armor
32:03 Husbandry
33:13 #83
33:14 Chain Barding Armor
33:36 Halberdier
34:38 Conscription
34:58 Plate Barding Armor
35:26 Blast Furnace
35:08 Plate Mail Armor
34:50 Cavalier
35:20 Capped Ram
38:20 Paladin
40:18 Plate Barding Armor
自有大儒为我辩经
10:14 Feudal Age
11:15 Feudal Age
14:42 Castle Age
13:04 Double-Bit Axe
13:43 Horse Collar
17:11 Champi Runner
22:58 Bow Saw
24:19 Wheelbarrow
24:26 Heavy Plow
24:17 Stone Mining
24:17 Gold Mining
29:19 Imperial Age
27:43 Squires
27:04 Champi Warrior
28:37 Gold Shaft Mining
28:38 Stone Shaft Mining
28:37 Scale Mail Armor
28:47 Forging
28:25 Arson
29:53 Chain Mail Armor
31:12 Conscription
31:47 Loom
31:58 Onager
33:36 Plate Mail Armor
33:41 Iron Casting
33:25 Fletching
33:04 Elite Skirmisher
34:28 Fletching
34:53 Elite Champi Warrior
36:10 Ballistics
36:51 Chemistry
35:48 Bodkin Arrow
36:20 Treadmill Crane
37:52 Bracer
37:53 Padded Archer Armor
39:37 Blast Furnace
38:07 Pikeman
39:15 Andean Sling
40:25 Leather Archer Armor
40:15 Capped Ram
口古口古嘎嘎
3:29 Double-Bit Axe
8:12 Horse Collar
12:01 Feudal Age
13:24 Bow Saw
15:52 Castle Age
14:11 Heavy Plow
17:56 Two-Man Saw
20:50 Wheelbarrow
20:50 Gold Mining
22:43 Gold Shaft Mining
23:26 Hand Cart
23:39 Town Watch
26:47 Imperial Age
24:03 Loom
25:30 Squires
25:33 Scale Mail Armor
26:13 Forging
27:12 Chain Mail Armor
27:06 Capped Ram
29:28 Plate Mail Armor
28:46 Arson
30:00 Stone Mining
34:08 Chemistry
32:49 Treadmill Crane
34:34 Iron Casting
33:25 Pikeman
34:45 Halberdier
DZT_白霜魔头
10:21 Feudal Age
11:25 Double-Bit Axe
14:14 Castle Age
12:31 Horse Collar
15:20 Bow Saw
22:08 Wheelbarrow
24:06 Gold Mining
24:06 Stone Mining
25:54 Hand Cart
25:54 Hand Cart
26:12 Town Watch
26:39 Heavy Plow
28:36 Gold Shaft Mining
29:04 Forging
30:14 Stone Shaft Mining
33:35 Imperial Age
30:51 Loom
32:12 Iron Casting
34:40 Conscription
34:28 Butalmapu
33:52 Elite Kona
36:12 Blast Furnace
36:18 Sanctity
40:15 Crop Rotation
lemon tea
10:53 Feudal Age
14:27 Castle Age
12:45 Double-Bit Axe
14:25 Horse Collar
16:06 Bow Saw
22:11 Wheelbarrow
21:21 Loom
24:56 Gold Mining
26:01 Hand Cart
29:14 Stone Mining
31:24 Bloodlines
31:15 Husbandry
32:13 Stone Shaft Mining
35:32 Imperial Age
33:57 Husbandry
35:37 Town Watch
36:03 Padded Archer Armor
35:41 Elite Conquistador
36:42 Conscription
36:45 Supremacy
36:47 Heavy Plow
37:48 Two-Man Saw
38:21 Chemistry
37:42 Ballistics
38:33 Leather Archer Armor
39:03 Hoardings
40:29 Caravan
40:41 Guilds
40:36 Capped Ram
42:22 Coinage
42:36 Ring Archer Armor
钓鱼佬
7:09 Loom
10:11 Feudal Age
14:08 Castle Age
12:32 Double-Bit Axe
15:10 Bow Saw
14:47 Horse Collar
21:02 Wheelbarrow
20:27 Town Watch
21:50 Gold Mining
24:07 Hand Cart
29:13 Imperial Age
27:10 Padded Archer Armor
29:41 Leather Archer Armor
29:30 Grand Trunk Road
30:38 Gold Shaft Mining
31:10 Chemistry
30:15 Shatagni
30:38 Conscription
31:04 Heavy Plow
31:43 Ring Archer Armor
40:21 Scale Barding Armor
40:27 Forging
42:11 Two-Man Saw
41:33 Siege Engineers
Connection lost

Rejoining the realm…

Still unreachable

The connection could not be restored.

Session expired

The server has moved on; the page needs a fresh start.